 Dungeon Crawl Stone Soup version 0.30-a0-222-ge547ba4400 (webtiles) character file.

Game seed: 8775858287097106169

89 darz the Vexing (level 4, -1/21 HPs)
             Began as a Spriggan Enchanter on Oct 9, 2022.
             Slain by Dowan
             ... wielding a +0 dagger
              (7 damage)
             ... on level 4 of the Dungeon.
             The game lasted 00:06:03 (2511 turns).

darz the Vexing (Spriggan Enchanter)                Turns: 2511, Time: 00:06:04

Health: -1/21      AC:  3    Str:  6    XL:     4   Next: 31%
Magic:  19/20      EV: 17    Int: 16    God:
Gold:   215        SH:  0    Dex: 15    Spells: 3/11 levels left

rFire   . . .      SeeInvis +    a - +2 dagger
rCold   . . .      Faith    .    (no shield)
rNeg    . . .      Spirit   .    b - +1 robe
rPois   .          Reflect  .    (helmet restricted)
rElec   .          Harm     .    (no cloak)
rCorr   .          Rampage  .    (gloves unavailable)
Will    .....                    (boots unavailable)
Stlth   +++.......               (no amulet)
HPRegen 0.23/turn                h - ring of magical power
MPRegen 0.17/turn                (no ring)

@: brilliant, hasted, invisible, very quick
A: very small, no large weapons, unfitting armour, see invisible, speed 3
a: no special abilities


You were on level 4 of the Dungeon.
You visited 1 branch of the dungeon, and saw 4 of its levels.

You collected 215 gold pieces.

Inventory:

Hand Weapons
 a - a +2 dagger (weapon)
 i - a +1 dagger of speed
Armour
 b - a +1 robe (worn)
Jewellery
 h - a ring of magical power (left hand)
Scrolls
 m - a scroll of enchant armour
Potions
 c - a potion of invisibility
 d - a potion of cancellation
 e - a potion of curing {unknown}
 f - 2 potions of lignification
 g - a potion of brilliance
 j - a potion of flight {unknown}
 k - a potion of might {unknown}
 n - 2 potions of degeneration {unknown}


   Skills:
 - Level 1.1 Short Blades
 - Level 2.6 Dodging
 - Level 4.4 Stealth
 + Level 4.4 Spellcasting
 + Level 5.1 Hexes


You had 3 spell levels left.
You knew the following spells:

 Your Spells              Type           Power      Damage    Failure   Level
a - Ensorcelled Hibernat  Hex/Ice        34%        N/A       9%          2
b - Tukima's Dance        Hex            30%        N/A       6%          3
d - Confusing Touch       Hex            30%        N/A       6%          3

Your spell library contained the following spells:

 Spells                   Type           Power      Damage    Failure   Level
 Apportation              Tloc           10%        N/A       16%         1
 Necrotise                Necr           20%        1d5       16%         1
 Summon Small Mammal      Summ           20%        N/A       16%         1
 Dazzling Flash           Conj/Hex       34%        N/A       17%         3
 Ozocubu's Armour         Ice            5%         N/A       43%         3
 Spider Form              Tmut/Pois      5%         N/A       43%         3
 Anguish                  Hex/Necr       8%         N/A       50%         4
 Ozocubu's Refrigeration  Ice            2%         4d8       100%        7


Dungeon Overview and Level Annotations

Branches:
Dungeon (4/15)
 Temple: D:4-7

Altars:
Yredelemnul

Shops:
D:2 (

Annotations:
D:4 Dowan, Duvessa


Innate Abilities, Weirdness & Mutations

You are very small and have problems with some larger weapons.
You are too small for most types of armour.
You have supernaturally acute eyesight. (SInv)
You cover ground extremely quickly. (Speed+++)


Message History

Duvessa barely misses you. Dowan completely misses you.
Your +0 vampiric rapier hits Duvessa but does no damage.
It was a potion of brilliance.
You feel clever all of a sudden.
Unknown command.
You barely miss Duvessa.
Duvessa is moderately wounded.
Your +0 vampiric rapier hits Duvessa.
Dowan smirks and points a slender finger.
Dowan gestures at something while chanting.
You hit Duvessa.
Duvessa is moderately wounded.
Your +0 vampiric rapier barely misses Duvessa.
Duvessa misses you.
You hit Duvessa but do no damage.
Duvessa is moderately wounded.
You hit Duvessa but do no damage.
Duvessa is moderately wounded.
Dowan barely misses you.
Your +0 vampiric rapier completely misses Duvessa.
Duvessa gestures with her weapon.
Duvessa hits you.
* * * LOW HITPOINT WARNING * * *
You hit Duvessa but do no damage.
Duvessa is moderately wounded.
Dowan completely misses you. Duvessa barely misses you.
Your +0 vampiric rapier hits Duvessa.
You barely miss Duvessa.
Duvessa is moderately wounded.
Dowan barely misses you.
Unknown command.
You strike the helpless Duvessa from behind!
You puncture Duvessa!
Duvessa is heavily wounded.
Dowan closely misses you.
You barely miss Duvessa.
Duvessa is heavily wounded.
Duvessa closely misses you.
Your +0 vampiric rapier hits Duvessa.
Dowan hits you with a +0 dagger!
You die...

#............#
#............#
#............#
#............#
#.<..........#
#............#
#............#
#.....e....$.####
#######@(.......#
#.e.......#
#.........#
#.........#
#......>..#
##+#.......!
#.........
#.!..<....


You could see Duvessa (unable to see you, ally target), Dowan (fast, unable to
see you) and a friendly +0 vampiric rapier.

Vanquished Creatures
  4 adders
  A worm (D:2)
  3 dart slugs
  An orc (D:3)
  4 ball pythons
  3 bats
  5 endoplasms
  3 giant cockroaches
  2 goblins (D:2)
  4 hobgoblins
  2 kobolds
  A quokka (D:1)
  7 frilled lizards
  5 rats
45 creatures vanquished.

Notes
Turn   | Place    | Note
-------+----------+-------------------------------------------
     0 | D:1      | darz the Spriggan Enchanter began the quest for the Orb.
     0 | D:1      | Reached XP level 1. HP: 9/9 MP: 5/5
   194 | D:1      | Reached skill level 4 in Hexes
   194 | D:1      | Reached XP level 2. HP: 13/13 MP: 7/7
   197 | D:1      | Learned a level 2 spell: Ensorcelled Hibernation
   714 | D:2      | Found Seiseon's Weapon Boutique.
   774 | D:2      | Reached XP level 3. HP: 6/16 MP: 9/9
   778 | D:2      | Learned a level 3 spell: Tukima's Dance
   782 | D:2      | Learned a level 3 spell: Confusing Touch
  1402 | D:2      | Reached XP level 4. HP: 21/21 MP: 11/11
  1597 | D:3      | Reached skill level 5 in Hexes
  1712 | D:3      | Found a basalt altar of Yredelemnul.
  2476 | D:4      | Noticed Dowan
  2482 | D:4      | Noticed Duvessa
  2511 | D:4      | Slain by Dowan

Illustrated notes

Levels and vault maps discovered:
D:1:      eino_arrival_cavern_a, layout_rooms, minmay_pentomino_w2
D:2:      layout_basic, serial_shops, shop
D:3:      layout_basic, lemuel_tele_altar
D:4:      layout_gridville, uniq_duvessa

Skill      XL: |  1  2  3  4 |
---------------+-------------+-----
Spellcasting   | 3 4 |  4.4
Hexes          | 4 5 |  5.1
Short Blades   | |  1.1
Dodging        | |  2.6
Stealth        | |  4.4

Action                   |  1- 3 |  4- 6 || total
-------------------------+-------+-------++-------
Melee: Dagger            |    93 |    36 ||   129
 Cast: Ensorcelled Hiber |     4 |       ||     4
       Tukima's Dance    |       |     1 ||     1
  Use: Scroll            |     9 |     2 ||    11
       Potion            |       |     3 ||     3
 Stab: Sleeping          |    14 |     6 ||    20
       Invisible         |       |     1 ||     1
Armor: Robe              |     4 |     1 ||     5
Dodge: Dodged            |    66 |    28 ||    94

Table legend: (Time is in decaauts)
 A = Elapsed time spent in this place.
 B = Non-inter-level travel time spent in this place.
 C = Inter-level travel time spent in this place.
 D = Time resting spent in this place.
 E = Time spent auto-exploring this place.
 F = Levels seen in this place.
 G = Mean time per level.
                   A        B        C        D        E       F      G
               +--------+--------+--------+--------+--------+-----+--------+
         Total |   1687 |   1649 |     38 |      0 |   1286 |   4 |  421.8 |
       Dungeon |   1687 |   1649 |     38 |      0 |   1286 |   4 |  421.8 |
               +--------+--------+--------+--------+--------+-----+--------+

Top non-repeatable levels by time:
     D:2: 621 daAuts
     D:3: 548 daAuts
     D:1: 487 daAuts
     D:4: 30 daAuts
